 Dungeon Crawl Stone Soup version 0.29.1-1-gd02db6906a (webtiles) character file.

Game seed: 17679302116631471936

4782 GandalfHyperdrive the Geomancer (level 10, -10/50 HPs)
             Began as a Gargoyle Earth Elementalist on Sept 19, 2022.
             Mangled by a polar bear (12 damage)
             ... on level 8 of the Dungeon on Sept 21, 2022.
             The game lasted 00:58:59 (7821 turns).

GandalfHyperdrive the Geomancer (GrEE)              Turns: 7821, Time: 00:58:59

Health: -10/50     AC: 16    Str: 12    XL:     10   Next: 47%
Magic:  13/24      EV:  9    Int: 24    God:
Gold:   356        SH:  0    Dex: 10    Spells: 25/29 levels left

rFire   . . .      SeeInvis +   o - staff of earth
rCold   . . .      Faith    .   (no shield)
rNeg    + . .      Spirit   .   A - +1 scale mail "Fytaun" {rElec Int+4 SInv}
rPois   ∞          Reflect  .   (helmet restricted)
rElec   +          Harm     .   (no cloak)
rCorr   .          Rampage  .   I - +0 pair of gloves
Will    +....                   h - +0 pair of boots
Stlth   ..........              (no amulet)
HPRegen 0.16/turn               m - ring of willpower
MPRegen 0.19/turn               v - ring of wizardry

@: no status effects
A: sickness immunity, AC +7, negative energy resistance 1, electricity
resistance, torment resistance 1, petrification resistance, fangs 1, horns 1,
talons 1
a: no special abilities


You were on level 8 of the Dungeon.
You visited 2 branches of the dungeon, and saw 10 of its levels.

You collected 356 gold pieces.

Inventory:

Hand Weapons
 g - a +2 flail of protection
 l - a +6 dagger
 q - a +0 mace
 r - a +2 scythe of venom
 u - a +0 falchion of holy wrath
 G - a +0 dagger of speed
 H - a +2 whip of flaming
 L - a +3 short sword of freezing
 U - a +2 dagger of venom
Missiles
 k - 56 stones
 Q - 6 poisoned darts
Armour
 a - a +0 robe
 h - a +0 pair of boots (worn)
 y - a +0 animal skin
 z - the +3 helmet of the Louse {Dex+4 Slay+2}
   (You took it off Robin on level 2 of the Dungeon)

   Dex:       It affects your dexterity (+4).
   Slay:      It affects your accuracy & damage with ranged weapons and melee
   (+2).
 A - the +1 scale mail "Fytaun" (worn) {rElec Int+4 SInv}
   (You found it on level 2 of the Dungeon)

   Int:       It affects your intelligence (+4).
   rElec:     It insulates you from electricity.
   SInv:      It lets you see invisible.
 B - a +0 pair of boots
 I - a +0 pair of gloves (worn)
 R - an orb of guile
Magical Staves
 o - a staff of earth (weapon)
 F - a staff of poison
 K - a staff of cold
Jewellery
 m - a ring of willpower (left hand)
 v - a ring of wizardry (right hand)
 J - the ring "Gulid" {rF- rN+ Will+ rCorr Dex+3}
   (You found it on level 4 of the Dungeon)

   [ring of resist corrosion]

   Dex:       It affects your dexterity (+3).
   rF:        It makes you vulnerable to fire.
   rN:        It protects you from negative energy.
   rCorr:     It protects you from acid and corrosion.
   Will:      It increases your willpower.
 V - a ring of wizardry
Wands
 s - a wand of polymorph (20)
 C - a wand of charming (14)
 M - a wand of roots (10)
 N - a wand of flame (23)
 S - a wand of mindburst (11)
Scrolls
 e - 2 scrolls of teleportation
 f - 2 scrolls of noise
 i - 2 scrolls of enchant weapon
 j - 3 scrolls of immolation
 n - 2 scrolls of poison
 p - a scroll of acquirement
 w - a scroll of vulnerability
 D - a scroll of magic mapping {unknown}
 E - 2 scrolls of blinking
 P - a scroll of fear {unknown}
Potions
 b - a potion of magic
 c - a potion of flight
 d - 2 potions of brilliance
 t - a potion of lignification
 x - 2 potions of ambrosia
 O - a potion of might


   Skills:
 - Level 1.5 Dodging
 - Level 2.1 Stealth
 + Level 10.0 Spellcasting
 - Level 0.7 Transmutations
 + Level 13.1 Earth Magic


You had 25 spell levels left.
You knew the following spells:

 Your Spells              Type           Power      Damage    Failure   Level
a - Sandblast             Erth           100%       2d20      1%          1
b - Stone Arrow           Conj/Erth      100%       3d13      2%          3

Your spell library contained the following spells:

 Spells                   Type           Power      Damage    Failure   Level
 Passwall                 Tmut/Erth      51%        N/A       1%          2
 Petrify                  Tmut/Erth      62%        N/A       7%          4
 Beastly Appendage        Tmut           30%        N/A       9%          1
 Wereblood                Tmut           15%        N/A       13%         2
 Blink                    Tloc           24%        N/A       17%         2
 Spider Form              Tmut/Pois      13%        N/A       28%         3
 Confusing Touch          Hex            12%        N/A       32%         3
 Gell's Gravitas          Tloc           12%        N/A       32%         3
 Lesser Beckoning         Tloc           12%        N/A       32%         3
 Teleport Other           Tloc           12%        N/A       32%         3
 Anguish                  Hex/Necr       6%         N/A       71%         4
 Yara's Violent Unravell  Hex/Tmut       6%         3d5       93%         5
 Manifold Assault         Tloc           12%        N/A       95%         5
 Dispersal                Tloc           6%         N/A       100%        6
 Enfeeble                 Hex            6%         N/A       100%        7


Dungeon Overview and Level Annotations

Branches:
Dungeon (10/15)            Temple (1/1) D:6
   Lair: D:8-11         Orc: D:9-12

Altars:
Ashenzari
Cheibriados
Dithmenos
Elyvilon
Fedhas
Gozag
Hepliaklqana
Kikubaaqudgha
Makhleb
Nemelex Xobeh
Okawaru
Qazlal
Ru
Sif Muna
Uskayaw
Wu Jian
Xom
Yredelemnul
Zin
The Shining One

Portals:
Sewer: D:6


Innate Abilities, Weirdness & Mutations

You are immune to sickness and miasma.
Your stone body is resilient. (AC +7)
You are immune to poison.
You resist negative energy. (rN+)
You are resistant to electric shocks. (rElec)
You are resistant to unholy torment.
You are immune to petrification.
You have very sharp teeth.
You have a pair of small horns on your head.
You have sharp toenails.


Message History

You feel a surge of power!
The blast of sand hits the polar bear!
The polar bear is moderately wounded.
Casting: Sandblast (safe; 1% risk of failure)
Confirm with . or Enter, or press ? or * to list all spells.
Aiming: Sandblast (safe; 1% risk of failure)
Press: ? - help, Shift-Dir - straight line, f/p - polar bear
Aim: a polar bear (moderately wounded, 89% to hit)
You feel a surge of power!
The blast of sand hits the polar bear.
The polar bear is moderately wounded.
The polar bear growls angrily.
Casting: Sandblast (safe; 1% risk of failure)
Confirm with . or Enter, or press ? or * to list all spells.
Aiming: Sandblast (safe; 1% risk of failure)
Press: ? - help, Shift-Dir - straight line, f/p - polar bear
Aim: a polar bear (moderately wounded, 89% to hit)
You feel a surge of power!
The blast of sand hits the polar bear!
The polar bear is severely wounded.
The polar bear goes berserk!
Casting: Sandblast (safe; 1% risk of failure)
Confirm with . or Enter, or press ? or * to list all spells.
You don't know that spell.
Sorry, you're not good enough to have a special ability.
Casting: Sandblast (safe; 1% risk of failure)
Confirm with . or Enter, or press ? or * to list all spells.
Aiming: Sandblast (safe; 1% risk of failure)
Press: ? - help, Shift-Dir - straight line, f/p - polar bear
Aim: a polar bear (severely wounded, berserk, 89% to hit)
You feel a surge of power!
The blast of sand hits the polar bear!!
The polar bear is almost dead.
The polar bear bites you!!
The polar bear claws you but does no damage. x2
The polar bear bites you!
* * * LOW HITPOINT WARNING * * *
The polar bear claws you.
* * * LOW HITPOINT WARNING * * *
The polar bear claws you but does no damage.
The polar bear closely misses you.
The polar bear claws you but does no damage.
The polar bear barely misses you. The polar bear bites you!
You die...

######## #......#
#######.#....#####
#@hh.........'....
##h######....#####
#..#####.####
#.....##.#
#.....##.#
#.....##h#
#.....##.#
#.....##.# ##
##.....##.# #.


You could see 3 polar bears.

Vanquished Creatures
  A hornet (D:9)
  Prince Ribbit (D:8)
  Sigmund (D:2)
  4 hogs (D:8)
  4 yaks (D:8)
  4 wyverns (D:8)
  A human (D:8)
  A steam dragon (D:8)
  Menkaure (D:5)
  An acid dragon (D:9)
  2 orc warriors (D:8)
  A black bear (D:9)
  2 ogres
  2 wolves (D:8)
  2 phantoms (D:4)
  A kobold brigand (D:6)
  Blork the orc (D:5)
  A bullfrog (D:8)
  2 scorpions (D:5)
  8 wights
  A howler monkey (D:6)
  3 hounds
  A jelly (D:5)
  Jessica (D:3)
  Ijyb (D:5)
  Terence (D:2)
  An iguana (D:5)
  Natasha (D:3)
  An orc wizard (D:9)
  Robin (D:2)
  A gnoll (D:1)
  5 adders
  A shadow imp (D:6)
  A worm (D:2)
  2 dart slugs (D:4)
  17 orcs
  2 bats
  7 endoplasms
  3 giant cockroaches
  13 goblins
  9 hobgoblins
  6 jackals
  4 quokkas
  4 ball pythons
  3 frilled lizards
  11 kobolds
  7 rats
149 creatures vanquished.

Notes
Turn   | Place    | Note
-------+----------+-------------------------------------------
     0 | D:1      | GandalfHyperdrive the Gargoyle Earth Elementalist began the
                  | quest for the Orb.
     0 | D:1      | Reached XP level 1. HP: 10/10 MP: 3/3
    52 | D:1      | Found a faded altar of an unknown god.
   133 | D:1      | Reached XP level 2. HP: 15/15 MP: 1/5
   197 | D:1      | Reached skill level 4 in Earth Magic
   542 | D:1      | Reached XP level 3. HP: 19/19 MP: 5/7
  1319 | D:2      | Identified the +3 helmet of the Louse {Dex+4 Slay+2}
  1319 | D:2      | Noticed Robin
  1411 | D:2      | Learned a level 3 spell: Stone Arrow
  1458 | D:2      | Noticed Sigmund
  1584 | D:2      | Reached XP level 4. HP: 24/24 MP: 6/8
  1666 | D:2      | Killed Sigmund
  1667 | D:2      | Reached skill level 6 in Earth Magic
  1667 | D:2      | Reached XP level 5. HP: 17/28 MP: 3/11
  1810 | D:2      | Noticed Terence
  1815 | D:2      | Killed Terence
  1816 | D:2      | Reached XP level 6. HP: 32/32 MP: 9/12
  1841 | D:2      | Killed Robin
  2200 | D:2      | Identified the +1 scale mail "Fytaun" {rElec Int+4 SInv}
  2545 | D:3      | Found a sacrificial altar of Ru.
  2576 | D:3      | Noticed Jessica
  2583 | D:3      | Killed Jessica
  3059 | D:3      | Noticed Natasha
  3061 | D:3      | Killed Natasha
  3213 | D:4      | Reached XP level 7. HP: 36/36 MP: 10/14
  3230 | D:4      | Reached skill level 5 in Spellcasting
  3230 | D:4      | Reached skill level 7 in Earth Magic
  3326 | D:4      | Found a basalt altar of Yredelemnul.
  3556 | D:4      | Found a sparkling altar of Nemelex Xobeh.
  3557 | D:4      | Found a stormy altar of Qazlal.
  3627 | D:4      | Identified the ring "Gulid" {rF- rN+ Will+ rCorr Dex+3}
  3969 | D:5      | Entered Level 5 of the Dungeon
  4181 | D:5      | Noticed Menkaure
  4194 | D:5      | Killed Menkaure
  4195 | D:5      | Reached skill level 8 in Earth Magic
  4208 | D:5      | Reached XP level 8. HP: 28/41 MP: 13/17
  4209 | D:5      | Noticed Blork the orc
  4213 | D:5      | Killed Blork the orc
  4318 | D:5      | Noticed Ijyb
  4322 | D:5      | Killed Ijyb
  4380 | D:5      | Reached skill level 9 in Earth Magic
  4823 | D:6      | Found a glowing drain.
  4837 | D:6      | Found a staircase to the Ecumenical Temple.
  4918 | Temple   | Entered the Ecumenical Temple
  5311 | D:6      | You fall into a shaft and drop 3 floors!
  5334 | D:10     | Entered Level 10 of the Dungeon
  5592 | D:9      | Noticed a hornet
  5615 | D:9      | Killed a hornet
  5616 | D:9      | Reached skill level 10 in Earth Magic
  5805 | D:8      | Noticed a wyvern
  5805 | D:8      | Noticed a wyvern
  5808 | D:8      | Killed a wyvern
  5809 | D:8      | Reached XP level 9. HP: 45/45 MP: 10/20
  5942 | D:8      | Found a huge runed translucent gate.
  5943 | D:8      | Found a huge runed translucent gate.
  5944 | D:8      | Found a huge runed translucent gate.
  5944 | D:8      | Noticed a polar bear
  5944 | D:8      | Noticed a manticore
  5944 | D:8      | Noticed a manticore
  5944 | D:8      | Noticed a polar bear
  5944 | D:8      | Noticed a polar bear
  5945 | D:8      | Found a huge runed translucent gate.
  6179 | D:8      | Reached skill level 11 in Earth Magic
  6802 | D:8      | Reached skill level 12 in Earth Magic
  6808 | D:8      | Reached XP level 10. HP: 35/50 MP: 9/23
  7149 | D:8      | Noticed Prince Ribbit
  7153 | D:8      | Killed Prince Ribbit
  7580 | D:9      | Gained mutation: You have sharp toenails. [potion of
                  | mutation]
  7580 | D:9      | Gained mutation: You have a pair of small horns on your
                  | head. [potion of mutation]
  7580 | D:9      | Gained mutation: You have very sharp teeth. [potion of
                  | mutation]
  7596 | D:9      | Reached skill level 13 in Earth Magic
  7723 | D:9      | Identified 2 scrolls of acquirement
  7726 | D:9      | Acquired a staff of earth
  7813 | D:9      | Reached skill level 10 in Spellcasting
  7821 | D:8      | HP: 2/50 [polar bear (3)]
  7821 | D:8      | Mangled by a polar bear

Illustrated notes

Levels and vault maps discovered:
D:1:      matt_arrival_grand_opening, layout_basic, basic_ecumenical_altar,
          minmay_misc_feat_tower
D:2:      layout_rooms, minivault_5, uniq_sigmund, uniq_robin, uniq_terence
D:3:      layout_basic, nicolae_ru_sacrificial_ziggurat, uniq_jessica,
          uniq_natasha
D:4:      layout_loops_cross, gammafunk_temple_overflow_statue, kennysheep_mini
D:5:      layout_basic, uniq_ijyb, uniq_menkaure, uniq_blork_the_orc
D:6:      layout_gridville, minmay_temple_entry_slanted, portal_sewer_entry_c
D:8:      lemuel_bear_cage, layout_basic, minivault_27, grunt_livestock,
          uniq_prince_ribbit1
D:9:      gammafunk_wand_slinger, layout_long_grid, david_orc_5, enter_bailey_5,
          ebering_ghost_inner_flame
D:10:     layout_grid_maze, grunt_lair_entry_orc_guard_hut, uniq_snorg,
          uniq_nergalle
Temple:   eino_temple_rhombus

Skill      XL: |  1  2  3  4  5  6  7  8  9 10 |
---------------+-------------------------------+-----
Earth Magic    | 4 6 8 10 12 13 | 13.1
Spellcasting   | 3 4 6 7 9 10 | 10.0
Dodging        | |  1.5
Stealth        | |  2.1
Transmutations | |  0.7

Action                   |  1- 3 |  4- 6 |  7- 9 | 10-12 || total
-------------------------+-------+-------+-------+-------++-------
Melee: Unarmed           |     4 |       |       |       ||     4
       Mace              |     8 |       |       |       ||     8
       Falchion          |       |    56 |    73 |     8 ||   137
       Punch             |       |     2 |     2 |     1 ||     5
 Cast: Sandblast         |    48 |    28 |    64 |    19 ||   159
       Stone Arrow       |       |       |    35 |    20 ||    55
Evoke: Wand              |       |       |     1 |     1 ||     2
  Use: Potion            |       |       |     9 |     4 ||    13
       Scroll            |       |       |       |    12 ||    12
Armor: Robe              |     6 |    14 |       |       ||    20
       Scale mail        |       |    47 |    87 |    34 ||   168
       Skin              |       |       |       |     8 ||     8
Dodge: Dodged            |    13 |    54 |    61 |    23 ||   151
